 Dungeon Crawl Stone Soup version 0.31.0-12-g77e489cdc1 (webtiles) character file.

Game seed: 8604905558969752028

10 Silvore the Trooper (level 2, 0/24 HPs)
             Began as a Demonspawn Fighter on Feb 13, 2024.
             Slain by a goblin
             ... wielding a +0 dagger
              (3 damage)
             ... on level 2 of the Dungeon.
             The game lasted 00:00:21 (161 turns).

Silvore the Trooper (Demonspawn Fighter)             Turns: 161, Time: 00:00:22

Health: 0/24       AC:  6    Str: 16    XL:     2   Next: 10%
Magic:  2/2        EV:  8    Int:  8    God:
Gold:   12         SH:  4    Dex: 12    Spells: 1/1 levels left

rFire   . . .        a - +0 long sword
rCold   . . .        c - +0 buckler
rNeg    . . .        b - +0 scale mail
rPois   .            (no helmet)
rElec   .            (no cloak)
rCorr   .            (no gloves)
SInv    .            (no boots)
Will    .....        (no amulet) Stlth
                     (no ring)
HPRegen 0.24/turn    (no ring)
MPRegen 0.08/turn

%: no passive effects
@: no status effects
A: demonic touch 1
a: no special abilities


You were on level 2 of the Dungeon.
You visited 1 branch of the dungeon, and saw 2 of its levels.

You collected 12 gold pieces.

Inventory:

Hand Weapons
 a - a +0 long sword (weapon)
Armour
 b - a +0 scale mail (worn)
 c - a +0 buckler (worn)
Potions
 d - a potion of might


   Skills:
 + Level 3.2 Fighting
 + Level 2.0 Long Blades
 + Level 2.9 Armour
 + Level 2.7 Shields


You had one spell level left.
You didn't know any spells.
Your spell library was empty.

Dungeon Overview and Level Annotations

Branches:
Dungeon (2/15)

Altars:


Innate Abilities, Weirdness & Mutations

Your touch may inflict minor irresistible damage on your foes.


Message History

The frilled lizard barely misses you. You block the goblin's attack.
The frilled lizard bites you but does no damage.
The goblin hits you with a +0 dagger.
The frilled lizard bites you but does no damage.
The goblin hits you but does no damage.
The frilled lizard bites you but does no damage.
The goblin completely misses you.
The frilled lizard bites you but does no damage.
You block the goblin's attack. The frilled lizard bites you.
You block the goblin's attack. You block the frilled lizard's attack.
You block the goblin's attack.
The frilled lizard bites you but does no damage.
You block the goblin's attack. The frilled lizard bites you.
The goblin closely misses you. The frilled lizard closely misses you.
The goblin hits you but does no damage. The frilled lizard bites you.
You block the goblin's attack. The frilled lizard closely misses you.
The goblin completely misses you. The frilled lizard barely misses you.
The goblin hits you with a +0 dagger. You block the frilled lizard's attack.
The goblin completely misses you. The frilled lizard barely misses you.
The goblin hits you but does no damage.
The frilled lizard bites you but does no damage.
The goblin hits you but does no damage.
The frilled lizard bites you but does no damage.
The goblin hits you with a +0 dagger.
* * * LOW HITPOINT WARNING * * *
The frilled lizard completely misses you.
You block the goblin's attack. The frilled lizard barely misses you.
The goblin hits you but does no damage. The frilled lizard bites you.
* * * LOW HITPOINT WARNING * * *
You block the goblin's attack. The frilled lizard barely misses you.
The goblin hits you with a +0 dagger.
* * * LOW HITPOINT WARNING * * *
The frilled lizard bites you but does no damage.
The goblin hits you with a +0 dagger.
* * * LOW HITPOINT WARNING * * *
The frilled lizard barely misses you. The goblin completely misses you.
The frilled lizard bites you but does no damage.
The goblin hits you with a +0 dagger.
You die...

#.............#
#########.#.###
#........#
#.####...#
#.####...#
#....#...#
####.#..<#
#l#####.#
#.@g$...#
#######.#


You could see a goblin and a frilled lizard.

Vanquished Creatures
  A giant cockroach (D:1)
  4 jackals (D:1)
  A kobold (D:1)
  A goblin (D:1)
  2 rats (D:1)
9 creatures vanquished.

Notes
Turn   | Place    | Note
-------+----------+-------------------------------------------
     0 | D:1      | Silvore the Demonspawn Fighter began the quest for the Orb.
     0 | D:1      | Reached XP level 1. HP: 18/18 MP: 1/1
    37 | D:1      | Gained mutation: Your touch may inflict minor irresistible
                  | damage on your foes. [demonic ancestry]
    37 | D:1      | Reached XP level 2. HP: 22/24 MP: 2/2
   161 | D:2      | Slain by a goblin

Illustrated notes

Levels and vault maps discovered:
D:1:      ldierk_walled_garden_2, layout_rooms, supply_closet_lemuel,
          st_stairs_12, nicolae_figureground_pulse
D:2:      layout_basic, basic_altar, serial_forest,
          infiniplex_forest_lined_4_way, infiniplex_forest_straight_4,
          infiniplex_forest_corner_2, infiniplex_forest_lined_3,
          infiniplex_forest_lined_corner, infiniplex_forest_zigzag_1,
          shapermc_ecumenical_altar_notcrosses

Skill      XL: |  1 |
---------------+----+-----
Long Blades    | 2 |  2.0
Fighting       | |  3.2
Armour         | |  2.9
Shields        | |  2.7

Action                     || total
---------------------------++-------
  Melee: Long sword        ||    26
 Armour: Scale mail        ||    91
  Dodge: Dodged            ||    51
  Block: Buckler           ||    35
